 Dungeon Crawl Stone Soup version 0.26-a0-682-g294304f6e8 (webtiles) character file.

Game seed: 9313808168898407442

9854 ringo67 the Dealer of Despair (level 11, -5/87 HPs)
             Began as a Mummy Necromancer on Oct 21, 2020.
             Was an Elder of Kikubaaqudgha.
             Slain by a death yak (23 damage)
             ... on level 7 of the Dungeon.
             The game lasted 00:41:14 (17795 turns).

ringo67 the Dealer of Despair (Mummy Necromancer)  Turns: 17795, Time: 00:41:15

Health: -5/87      AC: 14    Str: 13    XL:     11   Next: 28%
Magic:  4/22       EV: 17    Int: 18    God:    Kikubaaqudgha [****..]
Gold:   600        SH:  5    Dex: 13    Spells: 7/25 levels left

rFire    . . .     SeeInvis .   k - +2 whip (pain)
rCold    + . .     Faith    .   h - +0 buckler
rNeg     + + +     Spirit   .   y - +3 ring mail {rF+}
rPois    ∞         Reflect  .   f - +1 helmet of Integrity {rPois MR+ Str+2}
rElec    .         Harm     .   w - scarf {+Inv}
rCorr    .         Rampage  .   c - +2 pair of gloves
MR       ++...                  m - +0 pair of boots
Stlth    +.........             d - amulet of magic regeneration
HPRegen  0.24/turn              D - ring of wizardry
MPRegen  0.43/turn              p - +4 ring of evasion

@: no status effects
A: no potions, fire vulnerability, cold resistance 1, negative energy resistance
3, torment resistance, unbreathing
a: Receive Corpses, Renounce Religion, Evoke Invisibility


You were on level 7 of the Dungeon.
You worshipped Kikubaaqudgha.
Kikubaaqudgha was greatly pleased with you.
You visited 3 branches of the dungeon, and saw 13 of its levels.
You also visited: Ossuary.

You collected 996 gold pieces.
You spent 396 gold pieces at shops.

Inventory:

Hand Weapons
 g - a +0 short sword
 k - a +2 whip of pain (weapon)
 q - the +3 whip of Dim Light {antimagic, +Fly Str+7 Dex+2}
   (You found it on level 8 of the Dungeon)

   It reduces the magical energy of the wielder, and disrupts the spells and
   magical abilities of those hit.
   Natural abilities and divine invocations are not affected.
   It affects your strength (+7).
   It affects your dexterity (+2).
   It lets you fly.
Armour
 c - a +2 pair of gloves (worn)
 f - the +1 helmet of Integrity (worn) {rPois MR+ Str+2}
   (You bought it in a shop on level 7 of the Dungeon)

   It affects your strength (+2).
   It protects you from poison.
   It affects your resistance to hostile enchantments.
 h - a +0 buckler (worn)
 m - a +0 pair of boots (worn)
 w - a scarf of invisibility (worn)
 y - a +3 ring mail of fire resistance (worn)
Jewellery
 d - an amulet of magic regeneration (around neck)
 p - a +4 ring of evasion (right hand)
 u - an uncursed amulet of the acrobat
 A - an uncursed ring of magical power
 C - an uncursed ring of resist corrosion
 D - a ring of wizardry (left hand)
Wands
 e - a wand of random effects (50)
 r - a wand of flame (28)
 t - a wand of acid (16)
 B - a wand of iceblast (9)
 F - a wand of paralysis (4)
Scrolls
 a - a scroll of fog {unknown}
 b - 2 scrolls of blinking {unknown}
 i - 4 scrolls of remove curse
 j - 3 scrolls of teleportation
 l - 4 scrolls of enchant armour
 n - a scroll of amnesia {unknown}
 o - 3 scrolls of enchant weapon {unknown}
 s - 13 scrolls of identify {unknown}
 v - a scroll of immolation {unknown}
 x - 2 scrolls of noise {unknown}
 z - 3 scrolls of silence {unknown}
 E - a scroll of magic mapping


   Skills:
 + Level 8.9 Fighting
 + Level 6.3 Dodging
 - Level 1.5 Stealth
 - Level 4.0 Shields
 + Level 7.6 Spellcasting
 + Level 11.6 Necromancy


You had 7 spell levels left.
You knew the following spells:

 Your Spells              Type           Power        Failure   Level
a - Pain                  Necr           ####         1%          1
b - Animate Skeleton      Necr           #####.       1%          1
c - Vampiric Draining     Necr           #####.....   1%          3
d - Animate Dead          Necr           #####.....   3%          4
e - Excruciating Wounds   Necr           #####.....   6%          5
f - Dispel Undead         Necr           #####...     3%          4

Your spell library contained the following spells:

 Spells                   Type           Power        Failure   Level
 Corpse Rot               Necr/Air       N/A          4%          2
 Agony                    Necr           #####...     6%          5
 Apportation              Tloc           #.....       19%         1
 Corona                   Hex            #......      19%         1
 Magic Dart               Conj           #...         19%         1
 Summon Small Mammal      Summ           #...         19%         1
 Death Channel            Necr           #####.....   22%         6
 Blink                    Tloc           N/A          26%         2
 Call Imp                 Summ           #.......     26%         2
 Searing Ray              Conj           #.....       26%         2
 Slow                     Hex            #.......     26%         2
 Borgnjor's Vile Clutch   Necr/Erth      ####......   38%         5
 Conjure Flame            Conj/Fire      #.......     43%         3
 Dazzling Flash           Conj/Hex       #.....       43%         3
 Mephitic Cloud           Conj/Pois/Air  #.......     43%         3
 Fulminant Prism          Conj/Hex       #.........   77%         4
 Iskenderun's Mystic Bla  Conj/Tloc      #.......     77%         4


Dungeon Overview and Level Annotations

Branches:
Dungeon (11/15)            Temple (1/1) D:5            Lair (1/6) D:8
Ossuary (visited)
    Orc: D:9-12

Altars:
Ashenzari
Cheibriados
Dithmenos
Elyvilon
Fedhas
Gozag
Hepliaklqana
Kikubaaqudgha
Makhleb
Nemelex Xobeh
Okawaru
Qazlal
Ru
Sif Muna
Trog
Uskayaw
Vehumet
Wu Jian
Xom
Yredelemnul
Zin
The Shining One
Beogh
Lugonu

Shops:
D:7 :[=   D:10 :

Annotations:
D:6 Harold
D:9 2 runed translucent doors, Whiskey's ghost, novice BaFi
D:10 2 transporters


Innate Abilities, Weirdness & Mutations

You do not drink.
Your flesh is vulnerable to fire.
You are immune to poison.
Your flesh is cold resistant. (rC+)
You are immune to negative energy. (rN+++)
You are immune to unholy pain and torment.
You can survive without breathing.


Message History

Aiming: Vampiric Draining (safe; 1% risk of failure)
Press: ? - help, Shift-Dir - straight line, f/p - death yak
Aim: a death yak (heavily wounded)
The death yak is severely wounded.
You feel life coursing into your body. The death yak gores you.
Casting: Vampiric Draining (safe; 1% risk of failure)
Confirm with . or Enter, or press ? or * to list all spells.
Your +2 whip of venom shrieks in agony.
The death yak gores you!
You hit the death yak but do no damage.
The death yak is severely wounded.
The death yak gores you but does no damage.
You hit the death yak but do no damage.
The death yak writhes in agony.
The death yak is severely wounded.
The death yak gores you!! The death yak gores you!
* * * LOW HITPOINT WARNING * * *
You climb upwards.
The death yak completely misses you. The death yak gores you!!
You die...
Kikubaaqudgha rasps: "You have failed me!
Welcome... oblivion!"

#...##.....(.........##
###..............##...# #
##...........#####..# #
#.........(## ##.# #
#..........## ### ##
#..###...#..# ###
.###.####..###.#### #.##
..#..# #...# #.Y..#### ##.##
.....###..####..@Y...#
#...### .....##...#
#..####..# ##.....##
####.#....###..# #..#
#.......# # ##.....##..##
#..####......##
#.....##..#####...##.......#
##....#...##.............###
###............#.........##
###............####.......##
##............###
##......###


You could see 2 death yaks.

Vanquished Creatures
  2 two-headed ogres (D:10)
  2 death yaks (D:8)
  Pikel (D:7)
  2 hornets
  A wyvern (D:9)
  14 yaks
  4 orc warriors
  3 sky beasts
  An eye of draining (D:11)
  3 ice beasts
  A necrophage (D:9)
  2 ogres
  3 centaurs
  3 big kobolds
  5 bullfrogs
  2 elf zombies (Ossuary)
  A gnoll sergeant (D:9)
  A water moccasin zombie (D:6)
  A scorpion (D:10)
  4 wights (D:8)
  2 howler monkeys
  2 bullfrog zombies
  A centaur zombie (Ossuary)
  6 orc priests
  3 human zombies (Ossuary)
  A jelly (D:10)
  15 orc wizards
  2 bullfrog skeletons
  3 hounds
  A centaur skeleton (D:5)
  3 iguanas
  9 worker ants
  2 mummies (Ossuary)
  2 hound skeletons
  2 worker ant zombies
  Robin (D:4)
  11 adders
  9 gnolls
  A shadow imp (D:7)
  3 white imps
  An ufetubus (D:5)
  3 oozes
  An adder skeleton (D:8)
  2 adder zombies (Ossuary)
  3 worms
  2 dart slugs (D:3)
  5 leopard geckos
  44 orcs
  2 ball pythons
  7 giant cockroaches
  13 hobgoblins
  23 jackals
  20 kobolds
  A quokka (D:8)
  7 bats
  3 frilled lizards (D:3)
  18 goblins
  11 hobgoblin zombies (Ossuary)
  A jackal zombie (D:5)
  10 kobold zombies (Ossuary)
  6 orc zombies (Ossuary)
  12 rats
  2 rat zombies (Ossuary)
332 creatures vanquished.

Vanquished Creatures (others)
  10 plants
  4 toadstools (D:1)
  2 withered plants (D:9)
16 creatures vanquished.

Grand Total: 348 creatures vanquished

Notes
Turn   | Place    | Note
-------+----------+-------------------------------------------
     0 | D:1      | ringo67 the Mummy Necromancer began the quest for the Orb.
     0 | D:1      | Reached XP level 1. HP: 13/13 MP: 4/4
   398 | D:1      | Learned a level 1 spell: Animate Skeleton
   569 | D:1      | Reached XP level 2. HP: 20/20 MP: 3/5
   985 | D:1      | Reached skill level 1 in Fighting
  1331 | D:2      | Found a sacrificial altar of Ru.
  1431 | D:2      | Reached XP level 3. HP: 12/26 MP: 4/7
  1719 | D:2      | Found an opulent altar of Gozag.
  1960 | D:2      | Found a hazy altar of Hepliaklqana.
  2963 | D:3      | Reached XP level 4. HP: 21/32 MP: 6/9
  3236 | D:3      | Learned a level 3 spell: Vampiric Draining
  3241 | D:3      | Learned a level 4 spell: Animate Dead
  3752 | D:3      | Reached XP level 5. HP: 32/38 MP: 7/10
  4314 | D:3      | Reached skill level 5 in Necromancy
  5042 | D:3      | Reached XP level 6. HP: 46/46 MP: 12/12
  5394 | D:4      | Noticed Robin
  5405 | D:4      | Killed Robin
  5534 | D:4      | Reached skill level 1 in Shields
  6126 | D:4      | Found a broken altar of Ashenzari.
  6340 | D:4      | Reached XP level 7. HP: 50/52 MP: 13/13
  6580 | D:4      | Reached skill level 6 in Necromancy
  6759 | D:4      | Found a roughly hewn altar of Beogh.
  7025 | D:4      | Found a shimmering altar of Xom.
  7136 | D:5      | Entered Level 5 of the Dungeon
  7674 | D:5      | Found a glowing silver altar of Zin.
  7674 | D:5      | Found a glowing golden altar of the Shining One.
  7674 | D:5      | Found a white marble altar of Elyvilon.
  8176 | D:5      | Reached XP level 8. HP: 60/60 MP: 14/14
  8206 | D:5      | Found a staircase to the Ecumenical Temple.
  8212 | Temple   | Entered the Ecumenical Temple
  8396 | D:6      | Found an iron altar of Okawaru.
  8396 | D:6      | Found a snail-covered altar of Cheibriados.
  8398 | D:6      | Found an ancient bone altar of Kikubaaqudgha.
  8398 | D:6      | Found a basalt altar of Yredelemnul.
  8421 | D:6      | Reached skill level 7 in Necromancy
  8445 | D:6      | Became a worshipper of Kikubaaqudgha
  8692 | D:6      | Found a sand-covered staircase.
  8702 | Ossuary  | Entered an ossuary
  8811 | Ossuary  | Reached * piety under Kikubaaqudgha
  8811 | Ossuary  | Identified Kikubaaqudgha's Tome of Darkness (Kikubaaqudgha
                  | gifted it to you in an ossuary)
  8811 | Ossuary  | Received a gift from Kikubaaqudgha
  9947 | D:6      | Reached ** piety under Kikubaaqudgha
 10320 | D:7      | Noticed Harold
 10968 | D:7      | Reached skill level 8 in Necromancy
 10971 | D:7      | Reached skill level 5 in Fighting
 11380 | D:7      | Found Hiowehifus's Armour Shoppe.
 11401 | D:7      | Bought the +1 helmet of Integrity {rPois MR+ Str+2} for 396
                  | gold pieces
 11514 | D:7      | Reached XP level 9. HP: 68/68 MP: 12/15
 11525 | D:7      | Found Lydiotobeiw's Book Emporium.
 11907 | D:7      | Noticed Pikel
 11928 | D:7      | Killed Pikel
 11928 | D:7      | Reached skill level 5 in Dodging
 12050 | D:7      | Found Teotieghio's Jewellery Emporium.
 12849 | D:8      | Found an ornate altar of the Wu Jian Council.
 12865 | D:8      | Found a staircase to the Lair.
 12865 | D:8      | Noticed a death yak
 12865 | D:8      | Noticed a death yak
 13395 | D:8      | Got an encrusted whip
 13396 | D:8      | Identified the +3 whip of Dim Light {antimagic, +Fly Str+7
                  | Dex+2} (You found it on level 8 of the Dungeon)
 13572 | D:8      | Noticed a death yak
 13576 | Lair:1   | Entered Level 1 of the Lair of Beasts
 13585 | Lair:1   | Reached skill level 9 in Necromancy
 13625 | D:8      | Noticed a death yak
 13627 | D:8      | Noticed a death yak
 14022 | D:9      | Reached *** piety under Kikubaaqudgha
 14022 | D:9      | Identified Kikubaaqudgha's Catalogue of Stolen Souls
                  | (Kikubaaqudgha gifted it to you on level 9 of the Dungeon)
 14022 | D:9      | Received a gift from Kikubaaqudgha
 14158 | D:9      | Learned a level 5 spell: Excruciating Wounds
 14203 | D:9      | Reached XP level 10. HP: 79/79 MP: 16/16
 14400 | D:9      | Found a runed translucent door.
 14401 | D:9      | Noticed Whiskey's ghost (novice BaFi)
 14620 | D:9      | Found a runed translucent door.
 14620 | D:9      | Noticed an angel
 14621 | D:9      | Found a glowing silver altar of Zin.
 14750 | D:9      | Reached skill level 5 in Spellcasting
 14750 | D:9      | Reached skill level 10 in Necromancy
 14974 | D:10     | Entered Level 10 of the Dungeon
 14984 | D:10     | Noticed a two-headed ogre
 15001 | D:10     | Killed a two-headed ogre
 15153 | D:10     | Found a transporter.
 15165 | D:10     | Noticed a death knight
 15166 | D:10     | Noticed a deep troll
 15202 | D:10     | Noticed a centaur warrior
 15689 | D:10     | Reached **** piety under Kikubaaqudgha
 15782 | D:10     | Reached skill level 11 in Necromancy
 16167 | D:10     | Found a transporter.
 16177 | D:10     | Found Weiskaa's Book Shop.
 16750 | D:11     | Noticed a boulder beetle
 16990 | D:11     | Noticed a two-headed ogre
 17022 | D:10     | Killed a two-headed ogre
 17022 | D:10     | Reached XP level 11. HP: 61/87 MP: 15/21
 17256 | D:9      | Learned a level 4 spell: Dispel Undead
 17343 | D:8      | Killed a death yak
 17732 | D:8      | Killed a death yak
 17795 | D:7      | Slain by a death yak

Illustrated notes

Levels and vault maps discovered:
D:1:      dpeg_arrival_short_road, layout_loops_ring,
          minmay_misc_feat_four_crosses, minmay_gold_behind_fungi
D:2:      layout_basic, overflow_temple_1_default, hangedman_ru_absence,
          glass_columns_b, nicolae_gozag_seed_capital
D:3:      minmay_octagon_keep, layout_basic, minmay_joined_circles
D:4:      layout_loops_corners, kennysheep_mini_moat, xom_butterflies,
          kennysheep_orc_chapel, uniq_robin
D:5:      layout_cave_pools, good_gods_mini_temple, minmay_temple_entry_hall
D:6:      layout_cave_pools, grunt_temple_overflow_open,
          nicolae_ossuary_entry_ruins
D:7:      layout_layer_cave, serial_shops, nicolae_shop_behind_doors,
          nicolae_shop_crystal, shop_statue, uniq_harold, uniq_pikel
D:8:      layout_basic, kennysheep_mini, dpeg_lair_monsters
D:9:      layout_rooms, gammafunk_ghost_grave, lemuel_angel_altar
D:10:     gammafunk_the_bubble [the_bubble_gammafunk_plus_minus],
          layout_loops_ring, serial_shops, shop, grunt_ogre_cave
D:11:     layout_layer_cave, serial_bayou, serial_bayou_pond_b,
          serial_bayou_lagoon_a, serial_bayou_lagoon_b, serial_bayou_pond_e,
          serial_bayou_pond_e, serial_shops, shop
Temple:   corrupted_temple
Lair:1:   layout_regular_city, serial_bayou_pond_d, patterned_corridor,
          uniq_urug

Skill      XL: |  1  2  3  4  5  6  7  8  9 10 |
---------------+-------------------------------+-----
Spellcasting   | 3 4 7 |  7.6
Fighting       | 1 2 3 4 5 7 8 |  8.9
Dodging        | 2 3 4 6 |  6.3
Necromancy     | 5 6 8 9 11 | 11.6
Shields        | 1 2 3 4 |  4.0
Stealth        | |  1.5

Action                   |  1- 3 |  4- 6 |  7- 9 | 10-12 || total
-------------------------+-------+-------+-------+-------++-------
Melee: Whip              |    28 |   273 |   825 |   424 ||  1550
       Short sword       |     3 |       |       |       ||     3
 Cast: Pain              |    61 |    33 |    19 |    16 ||   129
       Animate Skeleton  |     4 |       |       |       ||     4
       Animate Dead      |       |     1 |     1 |     1 ||     3
       Vampiric Draining |       |       |    18 |    28 ||    46
       Excruciating Woun |       |       |     1 |     4 ||     5
       Dispel Undead     |       |       |       |     3 ||     3
Evoke: Wand              |       |       |     6 |       ||     6
  Use: Scroll            |       |     1 |     7 |       ||     8
 Stab: Sleeping          |     1 |       |       |       ||     1
Armor: Robe              |    15 |     7 |       |       ||    22
       Ring mail         |       |    86 |   232 |   117 ||   435
Dodge: Dodged            |    26 |   147 |   575 |   312 ||  1060
Block: Buckler           |       |       |    84 |   111 ||   195

Table legend: (Time is in decaauts)
 A = Elapsed time spent in this place.
 B = Non-inter-level travel time spent in this place.
 C = Inter-level travel time spent in this place.
 D = Time resting spent in this place.
 E = Time spent auto-exploring this place.
 F = Levels seen in this place.
 G = Mean time per level.
                   A        B        C        D        E       F      G
               +--------+--------+--------+--------+--------+-----+--------+
         Total |  17969 |  17548 |    421 |   7067 |   6360 |  14 | 1283.5 |
       Dungeon |  16846 |  16425 |    421 |   6511 |   6343 |  11 | 1531.5 |
        Temple |     46 |     46 |      0 |      0 |      0 |   1 |   46.0 |
          Lair |     49 |     49 |      0 |      0 |      0 |   1 |   49.0 |
       Ossuary |   1026 |   1026 |      0 |    556 |     17 |   1 | 1026.0 |
               +--------+--------+--------+--------+--------+-----+--------+

Top non-repeatable levels by time:
     D:3: 2467 daAuts
     D:4: 2238 daAuts
    D:10: 1925 daAuts
     D:7: 1922 daAuts
     D:2: 1712 daAuts
     D:8: 1600 daAuts
     D:5: 1481 daAuts
     D:9: 1308 daAuts
     D:1: 1228 daAuts
 Ossuary: 1026 daAuts
     D:6: 778 daAuts
    D:11: 182 daAuts
  Lair:1: 49 daAuts
  Temple: 46 daAuts
